 Dungeon Crawl Stone Soup version 0.31-a0-654-gbe3e110b4e (webtiles) character file.

Game seed: 15702140861498621466

891 Dirtsage the Changeling (level 8, -1/48 HPs)
             Began as an Octopode Shapeshifter on Aug 29, 2023.
             Was an Initiate of the Shining One.
             Killed by divine providence
             ... invoked by an orc priest
              (10 damage)
             ... on level 5 of the Dungeon.
             The game lasted 00:07:13 (3202 turns).

Dirtsage the Changeling (Octopode Shapeshifter)     Turns: 3202, Time: 00:07:14

Health: -1/48      AC:  1    Str: 16    XL:     8   Next: 6%
Magic:  8/8        EV: 13    Int: 12    God:    the Shining One [......]
Gold:   215        SH:  0    Dex: 11    Spells: 5/7 levels left

rFire   . .          .
                       - Unarmed
rCold   . . .        (no shield)
rNeg    . . .        (helmet currently unavailable)
rPois   .            (no amulet)
rElec   .            r - ring of flight
rCorr   .            (no ring)
SInv    .            (no ring)
Will    .....        (no ring)
Stlth   +            (no ring)
HPRegen 0.28/turn    (no ring)
MPRegen 0.11/turn    (no ring)
                     (no ring)

%: no passive effects
@: beast-form, flying, glowing
A: beast (slay +3), almost no armour, amphibious, 8 rings, camouflage 1,
gelatinous body 1, (nimble swimmer 1), tentacles
a: Begin Untransformation, Renounce Religion


You were on level 5 of the Dungeon.
You worshipped the Shining One.
The Shining One was noncommittal.
You were a hulking beast.
You visited 1 branch of the dungeon, and saw 5 of its levels.

You collected 215 gold pieces.

Inventory:

Magical Staves
 m - a staff of cold
 p - a staff of earth
Jewellery
 r - a ring of flight (left tentacle)
Talismans
 b - a beast talisman (active)
 c - a flux talisman
Wands
 n - a wand of iceblast (11)
Scrolls
 d - 4 scrolls of revelation {unknown}
 f - a scroll of noise {unknown}
 g - 4 scrolls of identify {unknown}
 j - 2 scrolls of amnesia {unknown}
 k - a scroll of summoning {unknown}
 l - a scroll of vulnerability {unknown}
 q - a scroll of fog {unknown}
Potions
 a - a potion of lignification
 e - a potion of invisibility {unknown}
 h - 3 potions of might {unknown}
 i - a potion of ambrosia {unknown}
 o - a potion of enlightenment {unknown}
 s - a potion of curing {unknown}


   Skills:
 - Level 1.0 Fighting
 - Level 2.0 Dodging
 + Level 5.5 Unarmed Combat
 + Level 3.5 Transmutations
 * Level 6.7 Shapeshifting


You had 5 spell levels left.
You knew the following spells:

 Your Spells              Type           Power      Damage    Failure   Level
a - Wereblood             Tmut           8%         N/A       12%         2

Your spell library contained the following spells:

 Spells                   Type           Power      Damage    Failure   Level
 Sublimation of Blood     Necr           0%         N/A       45%         2
 Summon Hydra             Summ           0%         N/A       100%        7


Dungeon Overview and Level Annotations

Branches:
Dungeon (5/15)
 Temple: D:4-7

Altars:
Ashenzari
Gozag
Hepliaklqana
Okawaru
Sif Muna
Trog
Uskayaw
Wu Jian
Yredelemnul
The Shining One

Shops:
D:4 [=[


Innate Abilities, Weirdness & Mutations

You are a hulking beast.
Your limbs bulge with bestial killing power. (Slay +3)
You cannot wear most types of armour.
You are amphibious.
You can wear up to eight rings at the same time.
Your skin changes colour to match your surroundings (Stealth+).
Your rubbery body absorbs attacks. (AC +1, EV +1)
((You are camouflaged when in or above water. (Stealth+)))
You have tentacles for arms and can constrict up to eight enemies at once.


Message History

You are no longer poisoned.
The iguana attacks as it pursues you! The iguana misses you.
The orc wizard gestures at you while chanting.
The magic dart hits you!
You take 9 damage, and have 18/48 hp.
The orc wizard points at you and mumbles some strange words.
You resist with some effort.
You tentacle-slap the iguana but do no damage.
You grab the iguana. You constrict the iguana.
The orc priest casts a cantrip, but nothing happens.
You bludgeon the iguana!
The iguana is severely wounded.
You constrict the iguana, but do no damage.
The iguana barely misses you.
You tentacle-slap the iguana but do no damage.
You squeeze the iguana, but do no damage.
The iguana is severely wounded.
You constrict the iguana.
The orc wizard gestures wildly while chanting.
The orc wizard flickers and vanishes!
Deactivating autopickup; reactivate with Ctrl-A.
The iguana barely misses you.
You tentacle-slap the iguana.
The iguana is almost dead.
You constrict the iguana, but do no damage.
The iguana closely misses you.
The orc priest calls down the wrath of Beogh upon you.
Beogh smites you!
* * * LOW HITPOINT WARNING * * *
You take 13 damage, and have 6/48 hp.
MASSIVE DAMAGE!!
You bludgeon the iguana!
You kill the iguana!
You bludgeon the orc priest! You grab the orc priest.
You squeeze the orc priest.
You kill the orc priest!
The Shining One accepts your kill.
The orc priest casts a cantrip, but nothing happens.
The orc priest invokes the aid of Beogh against you.
Beogh smites you!
You die...

#..........###..........
#..........########'##..
#...............>...##..
#......†...........###..
#..................# #..
#..................# ###
###.....##.........#
#.....##.........#
#..##h#######....#
#.....############
##.##.......#
#.##.......#
#.##.......#
##.#........#
#..#o.......#
#...........#
#........#....


You could see an orc priest.

Vanquished Creatures
  Grinder (D:4)
  A black bear (D:5)
  A sky beast (D:4)
  A phantom (D:5)
  A scorpion (D:5)
  3 hounds
  A jelly (D:5)
  An orc priest (D:5)
  Jessica (D:2)
  2 iguanas (D:5)
  Robin (D:4)
  3 gnolls (D:3)
  3 adders
  2 shadow imps (D:5)
  2 worms
  2 dart slugs
  An orc (D:4)
  4 ball pythons
  A bat (D:1)
  8 endoplasms
  2 giant cockroaches (D:1)
  18 goblins
  11 hobgoblins
  2 jackals (D:2)
  4 kobolds
  4 quokkas
  2 frilled lizards (D:1)
  4 rats
87 creatures vanquished.

Notes
Turn   | Place    | Note
-------+----------+-------------------------------------------
     0 | D:1      | Dirtsage the Octopode Shapeshifter began the quest for the
                  | Orb.
     0 | D:1      | Reached XP level 1. HP: 13/13 MP: 1/1
   108 | D:1      | Reached XP level 2. HP: 18/18 MP: 2/2
   206 | D:1      | You fall into a shaft and drop 1 floor!
   416 | D:2      | Found a hide-covered altar of Uskayaw.
   454 | D:1      | Reached XP level 3. HP: 20/23 MP: 3/3
   600 | D:1      | Found a faded altar of an unknown god.
   870 | D:2      | Noticed Jessica
   875 | D:2      | Killed Jessica
   876 | D:2      | Reached skill level 4 in Shapeshifting
   876 | D:2      | Reached XP level 4. HP: 28/28 MP: 4/4
  1294 | D:3      | Learned a level 2 spell: Wereblood
  1333 | D:3      | Reached XP level 5. HP: 33/33 MP: 5/5
  1364 | D:3      | Found an ornate altar of the Wu Jian Council.
  1647 | D:3      | Found a shimmering blue altar of Sif Muna.
  1752 | D:4      | Noticed Robin
  1817 | D:4      | Found Oschoschaoco's Armour Boutique.
  1880 | D:4      | Found Japs's Jewellery Shop.
  1898 | D:4      | Noticed a sky beast
  1927 | D:4      | Killed Robin
  1933 | D:4      | Killed a sky beast
  1934 | D:4      | Reached skill level 1 in Transmutations
  1934 | D:4      | Reached skill level 5 in Shapeshifting
  1934 | D:4      | Reached XP level 6. HP: 38/38 MP: 6/6
  2254 | D:4      | Found a broken altar of Ashenzari.
  2261 | D:4      | Found a basalt altar of Yredelemnul.
  2264 | D:4      | Found a hide-covered altar of Uskayaw.
  2264 | D:4      | Found a bloodstained altar of Trog.
  2271 | D:4      | Found a glowing golden altar of the Shining One.
  2275 | D:4      | Became a worshipper of the Shining One
  2342 | D:4      | Found Deny's Antique Armour Shoppe.
  2424 | D:4      | Noticed Grinder
  2435 | D:4      | Killed Grinder
  2436 | D:4      | Reached XP level 7. HP: 21/43 MP: 7/7
  2643 | D:5      | Entered Level 5 of the Dungeon
  2657 | D:5      | Found an opulent altar of Gozag.
  2660 | D:5      | Reached skill level 5 in Unarmed Combat
  2660 | D:5      | Reached skill level 6 in Shapeshifting
  2761 | D:5      | Found a hazy altar of Hepliaklqana.
  2838 | D:5      | Found an iron altar of Okawaru.
  3179 | D:5      | Reached XP level 8. HP: 30/48 MP: 8/8
  3202 | D:5      | Killed from afar by an orc priest

Illustrated notes

Levels and vault maps discovered:
D:1:      lemuel_arrival_funnel, layout_rooms, chequers_ecumenical_altar_island
D:2:      layout_loops_cross, basic_altar, skrybe_limestone_x,
          kennysheep_generic_room_8, uniq_jessica
D:3:      layout_rooms, nicolae_sif_muna_little_library,
          mainiacjoe_overflow_six_doors_small
D:4:      layout_loops_ring, nicolae_overflow_hallway_of_the_gods, serial_shops,
          shop, shop, nicolae_shop_advertising_works
          [nicolae_subvault_shop_adworks], kennysheep_generic_room_14,
          uniq_grinder, uniq_robin
D:5:      layout_basic, mainiacjoe_overflow_large_starburst,
          okawaru_metal_pillars_1_2, grunt_ministairs_1,
          grunt_decor_mini_mirrors, st_stairs_8, dreamdust_mushroom_princess,
          uniq_pikel

Skill      XL: |  1  2  3  4  5  6  7 |
---------------+----------------------+-----
Shapeshifting  | 4 5 6 |  6.7
Unarmed Combat | 4 5 |  5.5
Transmutations | 1 2 3 |  3.5
Fighting       | |  1.0
Dodging        | |  2.0

Action                     |  1- 3 |  4- 6 |  7- 9 || total
---------------------------+-------+-------+-------++-------
  Melee: Unarmed           |    62 |    90 |    52 ||   204
         Constrict         |    15 |    15 |    11 ||    41
         Tentacles         |    13 |     6 |    15 ||    34
         Punch             |     1 |     1 |     4 ||     6
    Use: Potion            |       |     1 |       ||     1
   Stab: Sleeping          |     2 |     4 |       ||     6
 Armour: Skin              |     5 |    22 |     1 ||    28
  Dodge: Dodged            |    29 |    31 |    26 ||    86

Table legend: (Time is in decaauts)
 A = Elapsed time spent in this place.
 B = Non-inter-level travel time spent in this place.
 C = Inter-level travel time spent in this place.
 D = Time resting spent in this place.
 E = Time spent auto-exploring this place.
 F = Levels seen in this place.
 G = Mean time per level.
                   A        B        C        D        E       F      G
               +--------+--------+--------+--------+--------+-----+--------+
         Total |   3184 |   3091 |     93 |    121 |   2475 |   5 |  636.8 |
       Dungeon |   3184 |   3091 |     93 |    121 |   2475 |   5 |  636.8 |
               +--------+--------+--------+--------+--------+-----+--------+

Top non-repeatable levels by time:
     D:4: 870 daAuts
     D:1: 628 daAuts
     D:3: 609 daAuts
     D:5: 554 daAuts
     D:2: 522 daAuts
